 Dungeon Crawl Stone Soup version 0.31.0-12-g77e489cdc1 (webtiles) character file.

Game seed: 7819091852160291632

251330 Peloso the Hoplite (level 19, -11/189 HPs)
             Began as a Minotaur Fighter on Feb 23, 2024.
             Was the Champion of Okawaru.
             Mangled by a merfolk impaler
             ... wielding the +9 trident of Jeisoash {freeze, rC+}
              (12 damage)
             ... on level 4 of the Shoals.
             The game lasted 01:48:55 (35486 turns).

Peloso the Hoplite (Minotaur Fighter)              Turns: 35486, Time: 01:48:57

Health: -11/189    AC: 30    Str: 27    XL:     19   Next: 65%
Magic:  19/19      EV: 18    Int:  5    God:    Okawaru [******]
Gold:   3451       SH: 19    Dex: 25    Spells: 18/18 levels left

rFire   + + .        a - +4 double sword (elec)
rCold   + + .        D - +1 kite shield {reflect}
rNeg    + . .        L - +8 chain mail of Eternal Night {Regen+ Str+2 Dex+3 SInv}
rPois   +            H - -2 hat of the Alchemist {rElec rPois rF+ rC+ rN+ Will+ rMut rCorr}
rElec   +            Y - scarf {rC+ rF+}
rCorr   +            f - +2 pair of gloves of Umuzaek {Stlth+}
SInv    +            p - +0 pair of boots
Will    +++..        e - amulet of regeneration
Stlth   +            F - ring "Mec Moq" {rCorr AC+4 Dex+2 SInv}
HPRegen 2.11/turn    l - +6 ring of dexterity
MPRegen 0.16/turn

%: reflection, resist mutation
@: studying 3 skills, very slow
A: horns 2, retaliatory headbutt, strong-willed 1
a: Renounce Religion, Heroism, Finesse, Duel, Receive Weapon, Receive Armour


You were on level 4 of the Shoals.
You worshipped Okawaru.
Okawaru was exalted by your worship.
You visited 7 branches of the dungeon, and saw 33 of its levels.
You also visited: Ice Cave and Volcano.

You collected 4067 gold pieces.
You spent 616 gold pieces at shops.

Inventory:

Hand Weapons
 a - a +4 double sword of electrocution (weapon)
 b - a +5 scimitar of flaming
 c - the +7 Throatcutter {drain, coup de grace}
   (You took it off a deep elf sorcerer on level 3 of the Elven Halls)
Missiles
 I - 5 throwing nets (quivered)
Armour
 d - the +2 shield of Resistance {rF++ rC++ Will++}
   (You found it on level 3 of the Elven Halls)

   rF++:      It greatly protects you from fire.
   rC++:      It greatly protects you from cold.
   Will++:    It greatly increases your willpower.
 f - the +2 pair of gloves of Umuzaek (worn) {Stlth+}
   (You found it on level 15 of the Dungeon)

   Stlth+:    It makes you more stealthy.
 p - a +0 pair of boots (worn)
 v - the +5 tower shield "Sacw" {Regen+ rCorr Dex-5 Stlth-}
   (You took it off Louise on level 15 of the Dungeon)

   Dex-5:     It affects your dexterity (-5).
   Regen+:    It increases your rate of health regeneration.
   rCorr:     It protects you from acid and corrosion.
   Stlth-:    It makes you less stealthy.
 D - a +1 kite shield of reflection (worn)
 H - the -2 hat of the Alchemist (worn) {rElec rPois rF+ rC+ rN+ Will+ rMut rCorr}
   (You found it on level 5 of the Lair of Beasts)

   rF+:       It protects you from fire.
   rC+:       It protects you from cold.
   rElec:     It insulates you from electricity.
   rPois:     It protects you from poison rN+: It protects you from negative
   energy.
   Will+:     It increases your willpower.
   rCorr:     It protects you from acid and corrosion.
   rMut:      It protects you from mutation.
 L - the +8 chain mail of Eternal Night (worn) {Regen+ Str+2 Dex+3 SInv}
   (You found it on level 10 of the Dungeon)

   Str+2:     It affects your strength (+2).
   Dex+3:     It affects your dexterity (+3).
   SInv:      It lets you see invisible.
   Regen+:    It increases your rate of health regeneration.
 M - the +1 pair of gloves of the Sandy Mpinguari {rN+ Regen+ Str+3 Dex-4}
   (You found it on level 5 of the Lair of Beasts)

   Str+3:     It affects your strength (+3).
   Dex-4:     It affects your dexterity (-4).
   rN+:       It protects you from negative energy.
   Regen+:    It increases your rate of health regeneration.
 Y - a scarf of resistance (worn)
Jewellery
 e - an amulet of regeneration (around neck)
 h - an amulet of faith
 l - a +6 ring of dexterity (right hand)
 z - the ring "Xiyzxi" {Ice rElec MP+9 Dex+3}
   (You found it on level 3 of the Snake Pit)

   [ring of ice]

   Ice:       It enhances your ice magic.
   Dex+3:     It affects your dexterity (+3).
   rF-:       It makes you vulnerable to fire.
   rC+:       It protects you from cold.
   rElec:     It insulates you from electricity.
   MP+9:      It affects your magic capacity (+9).
 E - a ring of wizardry
 F - the ring "Mec Moq" (left hand) {rCorr AC+4 Dex+2 SInv}
   (You took it off a deep elf sorcerer on level 3 of the Elven Halls)

   [ring of protection]

   AC+4:      It affects your AC (+4).
   Dex+2:     It affects your dexterity (+2).
   SInv:      It lets you see invisible.
   rCorr:     It protects you from acid and corrosion.
 O - a ring of resist corrosion
Scrolls
 j - a scroll of brand weapon
 n - 3 scrolls of blinking
 o - 8 scrolls of teleportation
 q - a scroll of amnesia
 s - a scroll of enchant armour
 t - 2 scrolls of enchant weapon
 u - 2 scrolls of summoning
 w - 7 scrolls of poison
 y - 4 scrolls of revelation
 K - 6 scrolls of fear
 S - 2 scrolls of immolation
Potions
 g - a potion of attraction
 i - 3 potions of haste
 k - 4 potions of heal wounds
 m - 5 potions of might
 r - 13 potions of curing
 x - 4 potions of brilliance
 A - 3 potions of enlightenment
 B - 3 potions of resistance
 C - a potion of ambrosia
 J - a potion of lignification
 T - 2 potions of invisibility {unknown}
 X - 5 potions of degeneration {unknown}
Miscellaneous
 G - a phantom mirror


   Skills:
 + Level 21.2 Fighting
 + Level 21.5 Long Blades
 + Level 18.3 Armour
 + Level 10.7 Dodging
 + Level 4.3 Stealth
 + Level 22.1 Shields
 + Level 2.4 Invocations
 + Level 1.9 Evocations


You had 18 spell levels left.
You didn't know any spells.
Your spell library contained the following spells:

 Spells                   Type           Power      Damage    Failure   Level
 Apportation              Tloc           0%         N/A       86%         1
 Kiss of Death            Conj/Necr      0%         2d5       86%         1
 Necrotise                Necr           0%         1d4       86%         1
 Sting                    Conj/Alch      0%         1d3       86%         1
 Ensorcelled Hibernation  Hex/Ice        0%         N/A       94%         2
 Jinxbite                 Hex            0%         N/A       94%         2
 Lesser Beckoning         Tloc           0%         N/A       94%         2
 Mercury Vapours          Alch/Air       0%         N/A       94%         2
 Static Discharge         Conj/Air       0%         3-3/arc   94%         2
 Confusing Touch          Hex            0%         N/A       99%         3
 Dazzling Flash           Conj/Hex       0%         N/A       99%         3
 Fugue of the Fallen      Necr           0%         N/A       99%         3
 Gell's Gravitas          Tloc           0%         N/A       99%         3
 Inner Flame              Hex/Fire       0%         N/A       99%         3
 Mephitic Cloud           Conj/Alch/Air  0%         N/A       99%         3
 Ozocubu's Armour         Ice            0%         N/A       99%         3
 Teleport Other           Tloc           0%         N/A       99%         3
 Airstrike                Air            0%         2d(0-16)  100%        4
 Anguish                  Hex/Necr       0%         N/A       100%        4
 Dimensional Bullseye     Hex/Tloc       0%         N/A       100%        4
 Dispel Undead            Necr           0%         3d6       100%        4
 Flame Wave               Conj/Fire      0%         2d4       100%        4
 Ignite Poison            Fire/Alch      0%         N/A       100%        4
 Iskenderun's Mystic Bla  Conj/Tloc      0%         2d3       100%        4
 Manifold Assault         Tloc           0%         N/A       100%        4
 Passage of Golubria      Tloc           0%         N/A       100%        4
 Sticky Flame             Fire/Alch      0%         2d4       100%        4
 Vhi's Electric Charge    Tloc/Air       0%         N/A       100%        4
 Arcjolt                  Conj/Air       0%         1d10      100%        5
 Curse of Agony           Necr           0%         N/A       100%        5
 Freezing Cloud           Conj/Ice/Air   0%         6-21      100%        5
 Silence                  Hex/Air        0%         N/A       100%        5
 Yara's Violent Unravell  Hex/Alch       0%         3d3       100%        5
 Plasma Beam              Fire/Air       0%         2x1d10    100%        6
 Enfeeble                 Hex            0%         N/A       100%        7
 Discord                  Hex            0%         N/A       100%        8
 Disjunction              Tloc           0%         N/A       100%        8
 Ignition                 Fire           0%         3d3       100%        8
 Summon Small Mammal      Summ           Unusable   N/A       N/A         1
 Call Canine Familiar     Summ           Unusable   N/A       N/A         3
 Tukima's Dance           Hex            Unusable   N/A       N/A         3
 Summon Lightning Spire   Summ/Air       Unusable   N/A       N/A         4
 Summon Mana Viper        Hex/Summ       Unusable   N/A       N/A         5
 Summon Horrible Things   Summ           Unusable   N/A       N/A         8

Dungeon Overview and Level Annotations

Branches:
Dungeon (15/15)            Temple (1/1) D:5            Lair (5/5) D:10
 Shoals (4/4) Lair:2        Snake (3/4) Lair:3        Slime (0/5) Lair:4
    Orc (2/2) D:9             Elf (3/3) Orc:2        Vaults (0/5) D:14
 Depths (0/4) D:15          IceCv (visited)         Volcano (visited)

Altars:
Ashenzari
Cheibriados
Dithmenos
Elyvilon
Fedhas
Gozag
Hepliaklqana
Kikubaaqudgha
Makhleb
Nemelex Xobeh
Okawaru
Qazlal
Ru
Sif Muna
Trog
Uskayaw
Vehumet
Wu Jian
Xom
Yredelemnul
Zin
The Shining One
Lugonu

Shops:
D:5 !   Orc:2 [*(:(   Elf:2 :

Annotations:
D:10 flight
Elf:2 3 runed translucent doors


Innate Abilities, Weirdness & Mutations

You have a pair of horns on your head.
You reflexively headbutt those who attack you in melee.
You are strong-willed. (Will+)


Message History

The javelin pierces through you.
* * * LOW HITPOINT WARNING * * *
The javelin pierces through the water elemental!!
You block the water nymph's attack.
You slice the merfolk javelineer!!
Lightning courses through the merfolk javelineer!
The merfolk javelineer is almost dead.
* * * LOW HITPOINT WARNING * * *
Your lungs strain for air!
You block the water elemental's attack.
Unknown command.
You closely miss the merfolk javelineer.
The merfolk javelineer is almost dead.
* * * LOW HITPOINT WARNING * * *
Your lungs strain for air!
The water nymph touches you. The water nymph drowns you!
* * * LOW HITPOINT WARNING * * *
Splash!
You fall into the shallow water.
Moving in this stuff is going to be slow.
The merfolk javelineer throws a javelin.
The javelin completely misses you.
The javelin pierces through the water elemental!!
The water elemental is destroyed!
The water engulfing you falls away.
You gasp with relief as air once again reaches your lungs.
You slash the merfolk javelineer!
You kill the merfolk javelineer!
Okawaru accepts your kill.
The water nymph points at you and mumbles some strange words.
The water swirls and strikes you!!
* * * LOW HITPOINT WARNING * * *
Unknown command.
You feel much better.
A merfolk impaler comes into view.
It is wielding the +9 trident of Jeisoash {freeze, rC+} and wearing a +1 leather armour of willpower.
The water nymph casts a spell at you. The water swirls and strikes you!!!
* * * LOW HITPOINT WARNING * * *
The merfolk impaler hits you with the +9 trident of Jeisoash {freeze, rC+}!
You die...

#########################
#######
..............~~~)........
......
~~~.........()~m@..........
≈≈≈8≈
##~.##########)m##########.≈
#≈.≈ ##~.# ..~.~... #.≈##≈~≈
~~~.# ...~~~~~~.~. #.≈≈≈≈~≈
....# ~~~~~#~~~~~~~~
#.∩..~<. ~~~.#
~~###~#..#~.~~ #.≈≈≈≈.≈
##~.# ~ ~.~~.~~~~~ #.≈##≈†≈
##~.# ~~~~~~.#.. #.≈##≈~≈
~~~.# ~, #.≈≈≈≈~≈


You could see a merfolk impaler and a water nymph.

Vanquished Creatures
  Vashnia (Snake:3)
  Nikola (Elf:3)
  Jorgrun (D:14)
  Rupert (Orc:2)
  4 deep elf blademasters (Elf:3)
  A deep elf master archer (Elf:3)
  A kraken (Shoals:1)
  Polyphemus (Shoals:4)
  The ghost of Ittufostru the Markskobold, an adept KoHs of Fedhas (Shoals:1)
  Ilsuiw (Shoals:3)
  6 deep elf sorcerers (Elf:3)
  An orc warlord (Orc:1)
  Louise (D:15)
  A frost giant (D:10)
  9 deep elf elementalists (Elf:3)
  The ghost of riffraff the Basher, a journeyman AtFi of Qazlal (Snake:1)
  2 stone giants
  An ironbound thunderhulk (D:14)
  7 deep elf demonologists
  7 deep elf death magi
  3 dire elephants (Lair:5)
  7 deep elf annihilators (Elf:3)
  An ettin (Orc:1)
  6 merfolk impalers
  8 merfolk javelineers
  2 deep elf high priests (Elf:3)
  2 ogre magi
  2 salamander tyrants (Snake:3)
  3 vault guards (D:14)
  3 catoblepae
  10 hydras
  2 merfolk avatars
  14 anacondas
  12 dancing weapons
  7 two-headed ogres
  8 centaur warriors
  6 boulder beetles
  5 merfolk aquamancers
  3 satyrs
  2 tengu warriors (D:15)
  5 naga warriors
  Urug (Orc:2)
  2 orc high priests (Orc:2)
  7 death yaks
  An occultist (Elf:2)
  4 naga sharpshooters (Snake:3)
  A hell knight (D:15)
  A titan zombie (Orc:1)
  2 shock serpents (Snake:3)
  8 deep elf knights
  2 spectral death yaks (Lair:5)
  4 skysharks
  13 sea snakes
  2 cherubim (Elf:1)
  A spectral anaconda (Lair:5)
  12 mana vipers
  A deep troll (D:14)
  9 deep elf archers
  9 naga ritualists
  12 deep elf zephyrmancers
  4 necromancers (Lair:5)
  12 harpies
  A harpy (shapeshifter) (Elf:1)
  An obsidian statue (Lair:5)
  3 stone giant zombies (Orc:1)
  15 deep elf pyromancers
  A lindwurm (Lair:4)
  6 orc knights
  19 cyclopes
  9 ugly things
  19 fauns
  2 orc sorcerers (Orc:2)
  12 manticores
  12 salamanders
  22 elephants
  6 merfolk sirens
  3 ice statues
  A black mamba (shapeshifter) (D:13)
  33 black mambas
  5 guardian serpents
  17 naga magi
  4 kobold blastminers
  5 large abominations (Elf:2)
  A gargoyle (D:14)
  3 molten gargoyles (Volcano)
  2 rime drakes (Lair:4)
  8 water nymphs
  16 cane toads
  Jeremiah (D:6)
  2 unseen horrors
  A dire elephant skeleton (Lair:5)
  4 efreet
  9 komodo dragons
  2 tengu conjurers
  A freezing wraith (IceCv)
  6 trolls
  8 wind drakes
  41 merfolk
  Grinder (D:6)
  2 hornets
  A hornet (shapeshifter) (Elf:1)
  Prince Ribbit (D:8)
  2 polar bears
  A tarantella (shapeshifter) (Elf:1)
  17 dream sheep
  18 blink frogs
  The ghost of Quickbrownfox the Insei, an amateur OpSh (D:4)
  11 snapping turtles
  2 slime creatures (Lair:4)
  2 shadows
  Sigmund (D:2)
  A culicivora (shapeshifter) (Elf:1)
  28 water elementals
  7 wyverns
  A wyvern (shapeshifter) (Elf:1)
  A wraith (D:12)
  8 air elementals
  5 basilisks
  A human (D:14)
  43 yaks
  11 fire elementals
  7 wargs
  3 steam dragons
  2 death yak simulacra (IceCv)
  13 vampire mosquitoes
  Edmund (D:6)
  32 nagas
  An acid dragon (D:10)
  18 water moccasins
  Duvessa (D:7)
  28 orc warriors
  An ice beast (shapeshifter) (Elf:2)
  4 black bears
  3 sky beasts
  4 laughing skulls (D:14)
  An elephant zombie (Lair:5)
  16 ogres
  An ogre (shapeshifter) (Elf:3)
  14 ice beasts
  18 wolves
  4 centaurs
  2 elephant skeletons (Lair:5)
  3 phantoms
  2 kobold brigands (D:10)
  12 bullfrogs
  3 scorpions
  A gnoll sergeant (D:11)
  7 small abominations (Elf:2)
  A cane toad simulacrum (IceCv)
  6 earth elementals
  Dowan (D:7)
  3 elephant simulacra
  11 killer bees
  A howler monkey (D:9)
  7 electric eels
  3 jellies
  Crazy Yiuf (D:2)
  A bombardier beetle (shapeshifter) (Elf:1)
  5 hounds
  A gnoll bouda (D:7)
  17 orc priests
  2 iguanas
  Natasha (thrice) (D:4)
  3 sleepcaps (D:5)
  23 orc wizards
  8 hell rats
  A wolf simulacrum (IceCv)
  11 gnolls
  4 adders
  5 river rats (D:7)
  A shadow imp (D:7)
  15 white imps
  An ufetubus (D:7)
  3 dart slugs
  2 ribbon worms (D:3)
  61 orcs
  2 bats (D:1)
  5 endoplasms
  2 giant cockroaches (D:1)
  5 goblins
  6 hobgoblins
  6 jackals
  17 kobolds
  13 quokkas
  12 ball pythons
  17 rats
  A tentacle (Shoals:1)
1224 creatures vanquished.

Vanquished Creatures (others)
  A deep elf high priest (Elf:3)
  A merfolk aquamancer (Shoals:1)
  A naga warrior (Snake:3)
  3 deep elf knights
  3 deep elf pyromancers
  A deep elf archer (Elf:3)
  A merfolk siren (Shoals:3)
  A water elemental (Shoals:4)
  An electric eel (D:10)
  11 tentacles (Shoals:1)
24 creatures vanquished.

Grand Total: 1248 creatures vanquished

Notes
Turn   | Place    | Note
-------+----------+-------------------------------------------
     0 | D:1      | Peloso the Minotaur Fighter began the quest for the Orb.
     0 | D:1      | Reached XP level 1. HP: 19/19 MP: 0/0
    32 | D:1      | Reached XP level 2. HP: 27/27 MP: 1/1
    53 | D:1      | Reached skill level 4 in Shields
   248 | D:1      | Reached XP level 3. HP: 33/33 MP: 2/2
   451 | D:1      | Gained mutation: You have hidden genetic potential. [potion
                  | of mutation]
   451 | D:1      | Lost mutation: You have hidden genetic potential. [potion
                  | of mutation]
   451 | D:1      | Gained mutation: You are strong-willed. (Will+) [potion of
                  | mutation]
   838 | D:2      | Reached XP level 4. HP: 40/40 MP: 3/3
   843 | D:2      | Found a white marble altar of Elyvilon.
  1096 | D:2      | Noticed Sigmund
  1222 | D:3      | Found a faded altar of an unknown god.
  1300 | D:3      | Found a snail-covered altar of Cheibriados.
  2178 | D:4      | Reached XP level 5. HP: 17/47 MP: 4/4
  2211 | D:4      | Noticed a phantom
  2224 | D:4      | Killed a phantom
  2225 | D:4      | Reached skill level 5 in Armour
  2263 | D:4      | Found a runed translucent gate.
  2263 | D:4      | Found a runed translucent gate.
  2263 | D:4      | Found a runed translucent gate.
  2263 | D:4      | Noticed Quickbrownfox's ghost (amateur OpSh)
  2266 | D:4      | Noticed Natasha
  2272 | D:4      | Killed Natasha
  2273 | D:4      | Reached skill level 5 in Long Blades
  2280 | D:4      | Reached XP level 6. HP: 41/53 MP: 5/5
  2385 | D:4      | Found a hazy altar of Hepliaklqana.
  2569 | D:4      | Noticed Natasha
  2575 | D:4      | Killed Natasha
  2602 | D:4      | Found a stormy altar of Qazlal.
  2716 | D:4      | Reached skill level 5 in Fighting
  2720 | D:4      | Noticed Natasha
  2727 | D:4      | Killed Natasha
  2732 | D:4      | Reached XP level 7. HP: 60/61 MP: 6/6
  2892 | D:2      | Killed Sigmund
  2893 | D:2      | Reached skill level 1 in Dodging
  2922 | D:2      | Found a runed translucent door.
  2923 | D:2      | Noticed Crazy Yiuf
  3001 | D:2      | Killed Crazy Yiuf
  3013 | D:2      | Identified the +3 hammer of the Blushing Ass {speed, +Blink
                  | rElec Dex-2}
  3094 | D:5      | Entered Level 5 of the Dungeon
  3276 | D:5      | Found a staircase to the Ecumenical Temple.
  3287 | Temple   | Entered the Ecumenical Temple
  3361 | D:5      | Reached skill level 5 in Shields
  3455 | D:5      | Found Apubb's Distillery.
  3460 | D:5      | Bought a potion of curing for 33 gold pieces
  3460 | D:5      | Bought a potion of heal wounds for 55 gold pieces
  3585 | D:5      | Reached XP level 8. HP: 70/70 MP: 7/7
  3757 | D:5      | Found an iron altar of Okawaru.
  3762 | D:5      | Became a worshipper of Warmaster Okawaru
  4215 | D:6      | Noticed Grinder
  4216 | D:6      | Noticed Jeremiah
  4224 | D:6      | Noticed Edmund
  4228 | D:6      | Killed Grinder
  4228 | D:6      | Reached * piety under Okawaru
  4251 | D:6      | Killed Edmund
  4417 | D:7      | Reached XP level 9. HP: 71/78 MP: 8/8
  4438 | D:7      | Reached skill level 10 in Long Blades
  4455 | D:7      | Reached ** piety under Okawaru
  4507 | D:7      | Reached skill level 6 in Shields
  5211 | D:7      | Found a shadowy altar of Dithmenos.
  5211 | D:7      | Noticed Dowan
  5235 | D:7      | Killed Dowan
  5246 | D:7      | Noticed Duvessa
  5265 | D:7      | Killed Duvessa
  5565 | D:8      | Reached *** piety under Okawaru
  5690 | D:8      | Reached skill level 1 in Stealth
  5767 | D:8      | Noticed Prince Ribbit
  5790 | D:8      | Killed Prince Ribbit
  5790 | D:8      | Reached **** piety under Okawaru
  5791 | D:8      | Reached XP level 10. HP: 88/88 MP: 9/9
  5955 | D:8      | Found a burning altar of Makhleb.
  5962 | D:8      | Found a glowing golden altar of the Shining One.
  6154 | D:8      | Found a shimmering blue altar of Sif Muna.
  6154 | D:8      | Found an ornate altar of the Wu Jian Council.
  6161 | D:8      | Found a sacrificial altar of Ru.
  6163 | D:8      | Found an ancient bone altar of Kikubaaqudgha.
  6165 | D:8      | Found a basalt altar of Yredelemnul.
  6396 | D:6      | Killed Jeremiah
  6520 | D:6      | Found a glowing silver altar of Zin.
  6545 | D:6      | Found an opulent altar of Gozag.
  6860 | D:9      | Reached skill level 7 in Shields
  6951 | D:9      | Found a shimmering altar of Xom.
  7116 | D:9      | Found a sparkling altar of Nemelex Xobeh.
  7146 | D:9      | Reached ***** piety under Okawaru
  7147 | D:9      | Reached skill level 10 in Armour
  7449 | D:9      | Found a staircase to the Orcish Mines.
  7724 | D:10     | Entered Level 10 of the Dungeon
  7835 | D:10     | Reached XP level 11. HP: 90/97 MP: 10/10
  7843 | D:10     | Received a gift from Okawaru
  7853 | D:10     | Identified the +8 chain mail of Eternal Night {Regen+ Str+2
                  | Dex+3 SInv}
  7940 | D:10     | Reached skill level 8 in Shields
  8052 | D:10     | Found a staircase to the Lair.
  8812 | D:11     | Noticed a two-headed ogre
  8824 | D:11     | Killed a two-headed ogre
  8837 | D:11     | Reached skill level 1 in Evocations
  8868 | D:11     | Reached skill level 10 in Fighting
  8868 | D:11     | Reached skill level 9 in Shields
  8901 | D:11     | Found a shadowy altar of Dithmenos.
  9007 | D:11     | Noticed a boulder beetle
  9041 | D:11     | Killed a boulder beetle
  9041 | D:11     | Reached ****** piety under Okawaru
  9041 | D:11     | Received a gift from Okawaru
  9238 | Lair:1   | Entered Level 1 of the Lair of Beasts
  9337 | Lair:1   | Reached skill level 10 in Shields
  9337 | Lair:1   | Reached XP level 12. HP: 68/108 MP: 11/11
  9387 | Lair:1   | Found a dark tunnel.
  9409 | Volcano  | Entered a volcano
  9432 | Volcano  | Received a gift from Okawaru
  9577 | Volcano  | Found the +2 hood of the Assassin {Detect Stab+ Stlth++}
  9802 | Lair:1   | Reached skill level 15 in Long Blades
  9878 | Lair:1   | Received a gift from Okawaru
  9881 | Lair:1   | Reached skill level 11 in Shields
 10630 | Lair:2   | Found a staircase to the Shoals.
 10684 | Lair:2   | Found a frozen archway.
 10725 | Lair:2   | Noticed an eight-headed hydra
 10733 | Lair:2   | Killed a four-headed hydra
 10765 | IceCv    | Entered an ice cave
 10794 | IceCv    | Reached skill level 5 in Dodging
 10815 | IceCv    | Found a transporter.
 10854 | IceCv    | Found a transporter.
 10869 | IceCv    | Reached skill level 1 in Invocations
 11077 | Lair:2   | Received a gift from Okawaru
 11258 | Lair:2   | Reached XP level 13. HP: 119/119 MP: 13/13
 11262 | Lair:2   | Found a broken altar of Ashenzari.
 11643 | Lair:3   | Found a staircase to the Snake Pit.
 11896 | Lair:3   | Received a gift from Okawaru
 11911 | Lair:3   | Identified the +5 ring mail of Fezumemmar {rF+ rC+}
 12223 | Lair:3   | Reached skill level 12 in Shields
 13435 | Orc:1    | Entered Level 1 of the Orcish Mines
 13460 | Orc:1    | Noticed an ettin
 13465 | Orc:1    | Received a gift from Okawaru
 13479 | Orc:1    | Killed an ettin
 13896 | Orc:1    | Received a gift from Okawaru
 14229 | Orc:1    | Noticed a stone giant
 14245 | Orc:1    | Killed a stone giant
 14252 | Orc:1    | Reached XP level 14. HP: 129/133 MP: 12/14
 14317 | Orc:1    | Reached skill level 13 in Shields
 14328 | Orc:1    | Received a gift from Okawaru
 14396 | Orc:1    | Found the +7 mace of Variability {chaos, chaos arc}
 14757 | Orc:2    | Entered Level 2 of the Orcish Mines
 14764 | Orc:2    | Noticed Urug
 14789 | Orc:2    | Killed Urug
 14811 | Orc:2    | Found a radiant altar of Vehumet.
 14818 | Orc:2    | Noticed an orc warlord
 15036 | Orc:1    | Killed an orc warlord
 15362 | Orc:2    | Reached skill level 15 in Fighting
 15380 | Orc:2    | Found Zoest's Book Emporium.
 15391 | Orc:2    | Found a staircase to the Elven Halls.
 15513 | Orc:2    | Found Esoll's Antique Weapon Shop.
 15637 | Orc:2    | Found Zuhan's General Store.
 15644 | Orc:2    | Received a gift from Okawaru
 15680 | Orc:2    | Found Vetzaukk's Antique Armour Shoppe.
 15692 | Orc:2    | Bought a runed scarf for 272 gold pieces
 15724 | Orc:2    | Noticed Rupert
 15748 | Orc:2    | Killed Rupert
 16000 | Orc:2    | Found Jeisuqo's Antique Weapon Boutique.
 16010 | Orc:2    | Bought a dazzling falchion for 256 gold pieces
 16010 | Orc:2    | Identified the +0 falchion of the Median {spect, rElec}
                  | (You bought it in a shop on level 2 of the Orcish Mines)
 16550 | D:13     | Found a broken altar of Ashenzari.
 17120 | D:13     | Received a gift from Okawaru
 17564 | D:13     | Identified a scroll of acquirement
 17875 | Lair:4   | Reached skill level 14 in Shields
 17920 | Lair:4   | Found a staircase to the Slime Pits.
 18146 | Lair:4   | Received a gift from Okawaru
 18147 | Lair:4   | Reached skill level 15 in Armour
 18432 | Lair:4   | Reached XP level 15. HP: 144/144 MP: 15/15
 18599 | Lair:5   | Entered Level 5 of the Lair of Beasts
 19082 | Lair:5   | Received a gift from Okawaru
 19609 | Lair:5   | Received a gift from Okawaru
 19687 | Lair:5   | Reached skill level 15 in Shields
 19691 | Lair:5   | HP: 2/134 [necromancer/bolt of negative energy (45)]
 19765 | Lair:5   | Identified the +1 plate armour of Jetairgh {Dex+4}
 19819 | Lair:5   | Found the -2 hat of the Alchemist {rElec rPois rF+ rC+ rN+
                  | Will+ rMut rCorr}
 20364 | Lair:5   | Identified the +1 pair of gloves of the Sandy Mpinguari
                  | {rN+ Regen+ Str+3 Dex-4}
 20870 | D:14     | Received a gift from Okawaru
 20995 | D:14     | Noticed Jorgrun
 21017 | D:14     | Killed Jorgrun
 21295 | D:14     | Found a gate to the Vaults.
 21317 | D:14     | Reached XP level 16. HP: 134/156 MP: 16/16
 21517 | D:15     | Entered Level 15 of the Dungeon
 21606 | D:15     | Identified the +5 tower shield "Sacw" {Regen+ rCorr Dex-5
                  | Stlth-}
 21606 | D:15     | Noticed Louise
 21649 | D:15     | Killed Louise
 21959 | D:15     | Received a gift from Okawaru
 22003 | D:15     | Identified the +2 pair of gloves of Umuzaek {Stlth+}
 22090 | D:15     | Found a staircase to the Depths.
 23624 | Elf:1    | Entered Level 1 of the Elven Halls
 23711 | Elf:1    | Reached skill level 16 in Shields
 23722 | Elf:1    | Received a gift from Okawaru
 23879 | Elf:1    | Got the Tempter's Catalogue of Forbidden Fruit
 24222 | Elf:1    | Noticed an Ice Fiend
 24292 | Elf:1    | Received a gift from Okawaru
 24818 | Elf:2    | Found a runed translucent gate.
 24819 | Elf:2    | Found a runed translucent gate.
 24819 | Elf:2    | Found a runed translucent gate.
 24959 | Elf:2    | Paralysed by an air elemental for 1 turns
 24963 | Elf:2    | Received a gift from Okawaru
 25092 | Elf:2    | Paralysed by an air elemental for 1 turns
 25285 | Elf:2    | Found Hosidar's Book Shoppe.
 25450 | Elf:2    | Reached skill level 17 in Shields
 25647 | Elf:3    | Entered Level 3 of the Elven Halls
 25726 | Elf:3    | Paralysed by an air elemental for 1 turns
 25935 | Elf:3    | Received a gift from Okawaru
 26085 | Elf:3    | Reached XP level 17. HP: 156/166 MP: 17/17
 26571 | Elf:3    | Acquired a +3 double sword of electrocution
 26639 | Elf:3    | Noticed a deep elf blademaster
 26671 | Elf:3    | Killed a deep elf blademaster
 26715 | Elf:3    | Noticed Nikola
 26791 | Elf:3    | Killed Nikola
 26907 | Elf:3    | Identified the ring of Adwy {^Contam Str+2 Int+2 Dex+6}
 26908 | Elf:3    | Identified the +7 trident "Fumae" {freeze, rElec rPois
                  | Will+ Stlth+}
 27004 | Elf:3    | Noticed a deep elf blademaster
 27016 | Elf:3    | Killed a deep elf blademaster
 27062 | Elf:3    | Noticed a deep elf blademaster
 27115 | Elf:3    | Killed a deep elf blademaster
 27212 | Elf:3    | Identified the ring of Qul Dok {rF+ rC+ Str+7 Int-5 Dex-2}
 27232 | Elf:3    | Received a gift from Okawaru
 27233 | Elf:3    | Noticed a deep elf master archer
 27275 | Elf:3    | Noticed a Hell Sentinel
 27310 | Elf:3    | Killed a deep elf master archer
 27411 | Elf:3    | Noticed a Tzitzimitl
 27447 | Elf:3    | Noticed a Brimstone Fiend
 27457 | Elf:3    | Noticed a Tzitzimitl
 27499 | Elf:3    | Identified the ring "Mec Moq" {rCorr AC+4 Dex+2 SInv}
 27602 | Elf:3    | Noticed a deep elf blademaster
 27641 | Elf:3    | Found the +2 shield of Resistance {rF++ rC++ Will++}
 27653 | Elf:3    | Received a gift from Okawaru
 27682 | Elf:3    | Identified the staff of Slow Death {Will+ Conj}
 27828 | Elf:3    | Killed a deep elf blademaster
 27869 | Elf:3    | Reached skill level 18 in Shields
 28631 | Snake:1  | Entered Level 1 of the Snake Pit
 28643 | Snake:1  | Found a runed translucent door.
 28647 | Snake:1  | Noticed riffraff's ghost (journeyman AtFi)
 28896 | D:4      | Killed Quickbrownfox's ghost
 29847 | Snake:1  | Found a glowing golden altar of the Shining One.
 29868 | Snake:1  | Received a gift from Okawaru
 30164 | Snake:1  | Killed riffraff's ghost
 30241 | Snake:2  | Reached XP level 18. HP: 176/178 MP: 18/18
 30294 | Snake:2  | Identified the +0 scale mail of Pleasant Breezes {rPois}
 30644 | Snake:2  | Received a gift from Okawaru
 30645 | Snake:2  | Reached skill level 19 in Shields
 31000 | Snake:3  | Identified the ring "Xiyzxi" {Ice rElec MP+9 Dex+3}
 31196 | Snake:3  | Reached skill level 10 in Dodging
 31375 | Snake:3  | Received a gift from Okawaru
 31881 | Snake:3  | Noticed Vashnia
 31893 | Snake:3  | Killed Vashnia
 31894 | Snake:3  | Reached skill level 20 in Shields
 32145 | Shoals:1 | Entered Level 1 of the Shoals
 32221 | Shoals:1 | Found a large runed translucent door.
 32226 | Shoals:1 | Found a large runed translucent door.
 32322 | Shoals:1 | Received a gift from Okawaru
 32648 | Shoals:1 | Noticed Ittufostru's ghost (adept KoHs)
 32842 | Shoals:1 | Killed Ittufostru's ghost
 33184 | Shoals:2 | Reached XP level 19. HP: 187/187 MP: 19/19
 33277 | Shoals:2 | Received a gift from Okawaru
 33376 | Shoals:2 | Reached skill level 21 in Shields
 33650 | Shoals:3 | Noticed Ilsuiw
 33813 | Shoals:3 | Killed Ilsuiw
 34529 | Shoals:4 | Entered Level 4 of the Shoals
 34543 | Shoals:4 | Received a gift from Okawaru
 35092 | Shoals:4 | Got Cahown's Handbook of Amassed Shifting
 35175 | Shoals:4 | Paralysed by an air elemental for 1 turns
 35180 | Shoals:4 | Paralysed by an air elemental for 1 turns
 35235 | Shoals:4 | Reached skill level 22 in Shields
 35423 | Shoals:4 | Received a gift from Okawaru
 35436 | Shoals:4 | Noticed Polyphemus
 35458 | Shoals:4 | Killed Polyphemus
 35486 | Shoals:4 | Identified the +9 trident of Jeisoash {freeze, rC+}
 35486 | Shoals:4 | HP: 1/189 [water nymph/the raging water (38)]
 35486 | Shoals:4 | Mangled by a merfolk impaler

Illustrated notes

Levels and vault maps discovered:
D:1:      minmay_arrival_up_and_down, layout_loops_ring
D:2:      layout_basic, basic_altar, uniq_sigmund, uniq_crazy_yiuf_cottage
D:3:      layout_loops_corners, slow_altar_1,
          chequers_ecumenical_altar_simple_redux
D:4:      layout_rooms, nicolae_hepliaklqana_hippocampus,
          nicolae_qazlal_general_emergency, ebering_ghost_rock_garden,
          minmay_gold_behind_fungi, uniq_natasha
D:5:      layout_basic, hellmonk_okawaru_the_only_friend_you_need,
          temple_fountains, serial_shops, nicolae_shop_hallway_plus,
          minmay_misc_feat_roman, grunt_decor_one_mirror
D:6:      layout_basic, pdpol_temple_overflow_zin_treasury_gozag_greed,
          uniq_edmund, uniq_jeremiah, uniq_grinder
D:7:      lemuel_ratsnest, layout_loops_ring, mainiacjoe_overflow_chevrons,
          dk_noncrumbling_3, dreamdust_gnoll_farm, uniq_duvessa
D:8:      layout_basic, chequers_temple_overflow_minitemple,
          chequers_temple_overflow_statue_of_worship, uniq_prince_ribbit1
D:9:      layout_roguey, lemuel_tele_altar, nemelex_xobeh_ov_fountains_minmay,
          minmay_orc_entry_guard_dogs
D:10:     minmay_twisted_water, layout_loops_ring, erik_lair_orcish_takeover,
          grunt_ministairs_7
D:11:     layout_rooms, grunt_dithmenos_smoke
D:12:     layout_roguey, hangedman_decor_growths
D:13:     layout_layer_cave, ashenzari_altar_1
D:14:     dreamdust_cave_troll, layout_long_grid, hellmonk_vaults_keyhole,
          uniq_jorgrun
D:15:     hangedman_depths_entry_civil_slaughter, layout_loops_corners,
          hangedman_decor_lopped, uniq_louise
Temple:   corrupted_temple
Lair:1:   layout_regular_city, nicolae_volcano_entry_hallway
Lair:2:   layout_chaotic_city, elwin_shoals_entry_rocks, basic_altar,
          portal_ice_cave_entry_imps, eino_small_chamber_without_monster,
          minmay_holes
Lair:3:   layout_cave_pods, guppyfry_snake_entry_island,
          nicolae_lair_grove_arrangements, infiniplex_staircase_pool,
          grunt_megastairs_2
Lair:4:   layout_gridlike, minmay_slime_entry_pillars
Lair:5:   due_jungle_book, layout_misc_corridors, infiniplex_staircase_pool_2,
          grunt_megastairs_1
Shoals:1: layout_shoals, ebering_ghost_disaster_area
Shoals:2: layout_shoals
Shoals:3: layout_shoals, uniq_ilsuiw
Shoals:4: shoals_end_hellmonk_storm_palace [storm_palace_center_ruins,
          storm_palace_corner_blocked, storm_palace_corner_narrow,
          storm_palace_corner_pillars, storm_palace_corner_pillars],
          serial_shops, uniq_polyphemus
Snake:1:  cheibrodos_snake_ritualist_ritual, layout_grid_shapes, basic_altar,
          hellmonk_ghost_happy_afterlife, lemuel_fruit_tree, grunt_megastairs_5
Snake:2:  layout_misc_corridors, grunt_ministairs_14, serial_bayou_pond_d
Snake:3:  layout_misc_corridors, special_room, grunt_megastairs_3, uniq_vashnia
Orc:1:    giant_chief_lemuel, layout_caves
Orc:2:    grunt_orc_gardens, layout_diamond_mine, grunt_orc_garden,
          grunt_orc_garden, grunt_orc_garden, grunt_orc_garden, basic_altar,
          serial_shops, shop_statue, uniq_rupert, uniq_urug
Elf:1:    layout_loops_cross, nicolae_elf_shapeshifter_party, pf_eden
Elf:2:    nicolae_elf_blades_crystal_corner, layout_loops_corners, serial_shops,
          shop, laboratory
Elf:3:    minmay_elf_hall_four_x, layout_rooms, uniq_nikola

Skill      XL: |  1  2  3  4  5  6  7  8  9 10 11 12 13 14 15 16 17 18 19 |
---------------+----------------------------------------------------------+-----
Armour         | 4 5 6 7 9 10 11 13 15 16 17 18 | 18.3
Fighting       | 4 5 6 8 9 10 12 14 16 17 18 19 20 21 | 21.2
Shields        | 4 5 6 7 10 11 12 14 15 17 18 20 22 | 22.1
Long Blades    | 3 4 5 6 7 9 12 13 14 15 16 17 18 19 20 21 | 21.5
Dodging        | 1 2 4 5 6 7 8 9 10 | 10.7
Stealth        | 1 2 3 4 |  4.3
Evocations     | 1 |  1.9
Invocations    | 1 2 |  2.4

Action                     |  1- 3 |  4- 6 |  7- 9 | 10-12 | 13-15 | 16-18 | 19-21 || total
---------------------------+-------+-------+-------+-------+-------+-------+-------++-------
  Melee: Long sword        |    60 |   120 |   369 |   658 |       |       |       ||  1207
         Headbutt          |     6 |    19 |    78 |   226 |   443 |   437 |   147 ||  1356
         Scimitar          |       |       |       |   242 |  1373 |   544 |       ||  2159
         Double sword      |       |       |       |       |       |  1061 |   554 ||  1615
 Invoke: Heroism           |       |       |       |     6 |     5 |     8 |       ||    19
  Evoke: Wand              |       |       |       |     5 |       |    13 |       ||    18
    Use: Scroll            |     1 |     4 |     2 |     3 |     5 |    16 |     1 ||    32
         Potion            |     1 |       |     1 |     2 |     4 |     3 |     1 ||    12
   Stab: Sleeping          |       |       |       |       |     4 |     3 |       ||     7
         Petrified         |       |       |       |       |     3 |       |       ||     3
         Distracted        |       |       |       |       |       |     1 |     1 ||     2
         Held in net/web   |       |       |       |       |       |       |     1 ||     1
 Armour: Scale mail        |    39 |    29 |       |       |       |       |       ||    68
         Chain mail        |       |    72 |   202 |   748 |   929 |  1034 |   324 ||  3309
         Plate armour      |       |       |    63 |       |       |       |       ||    63
  Dodge: Dodged            |    49 |    58 |   116 |   397 |   652 |   724 |   237 ||  2233
  Block: Buckler           |    12 |    35 |    62 |   299 |   474 |   329 |       ||  1211
         Kite shield       |       |       |       |       |       |  1070 |   575 ||  1645
         Reflection        |       |       |       |       |       |    36 |    56 ||    92
